 Dungeon Crawl Stone Soup version 0.20-a0-454-g2b43fbb (webtiles) character file.

24 Amnesiac the Vexing (level 2, -7/19 HPs)
             Began as a Mummy Enchanter on Jan 9, 2017.
             Mangled by an orc
             ... wielding a +0 morningstar
              (12 damage)
             ... on level 3 of the Dungeon.
             The game lasted 00:02:01 (1394 turns).

Amnesiac the Vexing (Mummy Enchanter)               Turns: 1394, Time: 00:02:01

Health: -7/19      AC:  2    Str: 11    XL:     2   Next: 79%
Magic:  6/6        EV: 12    Int: 14    God:
Gold:   77         SH:  0    Dex: 12    Spells: 6/7 levels left

rFire  x . .     SeeInvis .     e - +0 dagger (venom)
rCold  + . .     Gourm    .     b - +0 robe
rNeg   + + +     Faith    .     (no shield)
rPois  ∞         Spirit   .     (no helmet)
rElec  .         Reflect  .     (no cloak)
rCorr  .         Harm     .     (no gloves)
MR     .....                    (no boots)
Stlth  ++........               (no amulet)
                                (no ring)
                                (no ring)

@: no status effects
A: no food or potions, fire vulnerability, cold resistance 1, negative energy
resistance 3, torment resistance, unbreathing
a: no special abilities


You were on level 3 of the Dungeon.
You were not hungry.

You visited 1 branch of the dungeon, and saw 3 of its levels.

You collected 77 gold pieces.

Inventory:

Hand Weapons
 e - a +0 dagger of venom (weapon)
Armour
 b - a +0 robe (worn)
Scrolls
 a - a scroll of amnesia {unknown}
 d - 3 scrolls of random uselessness {unknown}
 f - a scroll of identify {unknown}
 g - a scroll of recharging {unknown}
Books
 c - a book of Maledictions

   Spells                             Type                      Level
   a - Corona                         Hexes                        1
   b - Ensorcelled Hibernation        Hexes/Ice                    2
   c - Confuse                        Hexes                        3
   d - Tukima's Dance                 Hexes                        3
   e - Dazzling Spray                 Conjuration/Hexes            3


   Skills:
 - Level 1.0 Short Blades
 - Level 1.5 Dodging
 - Level 2.4 Stealth
 + Level 3.0 Spellcasting
 * Level 3.4 Hexes


You had 6 spell levels left.
You knew the following spells:

 Your Spells              Type           Power        Failure   Level  Hunger
f - Corona                Hex            ##.....      6%          1    N/A

Dungeon Overview and Level Annotations

Branches:
Dungeon (3/15)

Altars:

Annotations:
D:3 Uhlv's ghost, amateur HaMo


Innate Abilities, Weirdness & Mutations

You do not eat or drink.
Your flesh is vulnerable to fire.
You are immune to poison.
Your flesh is cold resistant. (rC+)
You are immune to negative energy. (rN+++)
You are immune to unholy pain and torment.
You can survive without breathing.


Message History

4 stones; a kobold skeleton A rat and an orc come into view.
The orc shouts!
You closely miss the rat. You hit the rat but do no damage.
The rat is poisoned.
The rat barely misses you.
You closely miss the rat. The rat bites you but does no damage.
You hit the rat but do no damage.
The rat looks even sicker.
The rat closely misses you.
You barely miss the rat.
You kill the rat!
The orc throws a tomahawk.
The tomahawk hits you. The orc hits you with a morningstar!
Ouch! That really hurt!
* * * LOW HITPOINT WARNING * * *
A worm comes into view.
You see here a rat corpse.
You barely miss the orc. The orc hits you with a morningstar!
Ouch! That really hurt!
You die...

#.######.# #.## #.# #.#
#..# #.# #.# ##.# #.#
#.# #.## #.# #.# #..#
#.# #.##########.###w##
#.# #.##................
..# #.##.#######..##.###
########.##.#..(@o.#....
#......##....###.#..#.#
#.#########..# #.#..# #
###.## #..# #. ..#
.....###### #.(# #. ...
.##..##...# #..# ..
.....##...# #..#
.###.##...###..###
.###'##..........#


You could see a worm and an orc.

Vanquished Creatures
  2 giant cockroaches
  2 goblins
  3 hobgoblins
  4 jackals (D:3)
  A ball python (D:3)
  A bat (D:3)
  2 frilled lizards (D:3)
  5 kobolds
  4 rats
24 creatures vanquished.

Notes
Turn   | Place    | Note
-------+----------+-------------------------------------------
     0 | D:1      | Amnesiac the Mummy Enchanter began the quest for the Orb.
     0 | D:1      | Reached XP level 1. HP: 13/13 MP: 4/4
    33 | D:1      | Reached skill level 1 in Short Blades
   593 | D:2      | Reached XP level 2. HP: 11/19 MP: 3/5
  1327 | D:3      | Noticed Uhlv's ghost (amateur HaMo)
  1394 | D:3      | Mangled by an orc

Vault maps used:
D:1:      minmay_arrival_radiant_lines, roderic_three_in_a_row
D:3:      lemuel_round_altar, old_standard_altar, first_bread

Skill      XL: |  1  2 |
---------------+-------+-----
Short Blades   | 1 |  1.0
Hexes          | 3 |  3.4
Spellcasting   | 3 |  3.0
Dodging        | |  1.5
Stealth        | |  2.4

Action                   || total
-------------------------++-------
Melee: Dagger            ||    78
 Cast: Corona            ||    11
 Stab: Sleeping          ||     4
Armor: Robe              ||     7
Dodge: Dodged            ||    49
